 Dungeon Crawl Stone Soup version 0.17-a0-854-g4a4ba72 (webtiles) character file.

79 RobertPalmer the Cutter (level 4, 0/26 HPs)
             Began as a Kobold Hunter on Apr 28, 2015.
             Was an Initiate of Okawaru.
             Succumbed to a worker ant's poison
             ... on level 3 of the Dungeon.
             The game lasted 00:02:33 (1642 turns).

RobertPalmer the Cutter (Kobold Hunter)             Turns: 1642, Time: 00:02:33

Health: 0/26       AC:  3    Str: 10    XL:     4   Next: 62%
Magic:  3/3        EV: 14    Int:  8    God:    Okawaru [......]
Gold:   118        SH:  0    Dex: 16    Spells: 0 memorised, 3 levels left

rFire  . . .     SeeInvis .     a - +0 short sword
rCold  . . .     Clarity  .     d - +0 leather armour
rNeg   . . .     SustAb   .     (shield restricted)
rPois  .         Gourm    .     (no helmet)
rElec  +         Spirit   .     (no cloak)
rCorr  .         Warding  .     (no gloves)
rMut   .         Stasis   .     (no boots)
MR     .....                    (no amulet)
Stlth  ++........               (no ring)
                                (no ring)

@: lethally poisoned (0 -> -13), flying, not resistant to hostile enchantments,
unstealthy
A: carnivore 3, dopey 1, low mp 1, electricity resistance
a: Renounce Religion


You were on level 3 of the Dungeon.
You worshipped Okawaru.
Okawaru was noncommittal.
You were full.

You visited 1 branch of the dungeon, and saw 3 of its levels.

You collected 118 gold pieces.

Inventory:

Hand weapons
 a - a +0 short sword (weapon)
 b - a +1 hand crossbow
Missiles
 c - 31 bolts
Armour
 d - a +0 leather armour (worn)
 s - a +0 cloak
   (You found it on level 3 of the Dungeon)
Scrolls
 f - 2 scrolls of identify {unknown}
 i - a scroll of recharging {unknown}
 j - 4 scrolls of remove curse {unknown}
 k - a scroll of enchant weapon {unknown}
 l - a scroll of fear {unknown}
 o - 2 scrolls of noise {unknown}
 q - a scroll of fog {unknown}
Books
 r - a Necronomicon {highlevel, unknown}
   (You found it on level 3 of the Dungeon)
Comestibles
 e - 2 meat rations {@e2}
 p - 2 beef jerkies


   Skills:
 - Level 2.1 Fighting
 + Level 5.1 Short Blades
 - Level 4.8 Crossbows
 - Level 2.4 Dodging
 - Level 1.3 Stealth


You had 3 spell levels left.
You didn't know any spells.

Dungeon Overview and Level Annotations

Branches:
Dungeon (3/15)

Altars:
Gozag
Okawaru
Sif Muna


Innate Abilities, Weirdness & Mutations

You are small and have problems with some larger weapons.
You are carnivorous and can eat meat at any time.
You are dopey. (Int -2)
Your magical capacity is low (-10% MP).
You are resistant to electric shocks.


Message History

You are confused.
You feel invigorated.
You feel sick. The worker ant barely misses you.
You regained 2 hp, and now have 11/26 hp.
Unknown command.
Unknown command.
Unknown command.
You feel sick. The worker ant bites you!
* * * LOW HITPOINT WARNING * * *
You take 4 damage, and have 7/26 hp.
Unknown command.
You bump into the rock wall.
You feel sick. The worker ant closely misses you.
The worker ant bites you but does no damage.
You regained 4 hp, and now have 11/26 hp.
You feel sick.
You regained 3 hp, and now have 14/26 hp.
Unknown command.
You miss the worker ant.
You feel sick. The worker ant misses you.
You regained 2 hp, and now have 16/26 hp.
You feel sick. The worker ant closely misses you.
You regained 2 hp, and now have 18/26 hp.
You hit the worker ant but do no damage.
You feel sick. The worker ant bites you.
You are lethally poisoned!
The worker ant poisons you!
You take 1 damage, and have 17/26 hp.
Unknown command.
You swing at nothing.
You feel sick. The worker ant closely misses you.
You swing at nothing.
You feel sick. The worker ant bites you.
You are more poisoned.
The worker ant poisons you!
You take 2 damage, and have 15/26 hp.
Unknown command.
You swing at nothing.
You feel less invigorated.
You feel less confused.
You feel sick. The worker ant barely misses you.
You regained 2 hp, and now have 17/26 hp.
Unknown command.
Unknown command.
Unknown command.
Unknown command.
You hit the worker ant but do no damage.
You feel very sick. The worker ant closely misses you.
The worker ant barely misses you.
You take 3 damage, and have 14/26 hp.
Unknown command.
Unknown command.
Unknown command.
Drink which item? (? for menu, Esc to quit)
It was a potion of heal wounds.
You feel much better.
You feel sick. The worker ant barely misses you.
You regained 10 hp, and now have 24/26 hp.
You hit the worker ant.
You feel sick. The worker ant bites you.
You take 6 damage, and have 18/26 hp.
MASSIVE DAMAGE!!
You barely miss the worker ant.
You feel sick. The worker ant bites you.
You take 3 damage, and have 15/26 hp.
You closely miss the worker ant.
You feel sick.
The worker ant bites you but does no damage.
You take 2 damage, and have 13/26 hp.
Unknown command.
Drink which item? (? for menu, Esc to quit)
It was a potion of mutation.
You feel extremely strange.
You feel insulated.
You feel stupid.
You feel less energetic.
You feel sick. The worker ant misses you.
You take 2 damage, and have 11/26 hp.
You now have 3/3 mp.
Drink which item? (? for menu, Esc to quit)
It was a potion of flight.
You feel very buoyant.
You fly up into the air.
You feel sick. The worker ant completely misses you.
You hit the worker ant but do no damage.
You feel sick.
The worker ant bites you but does no damage.
You take 2 damage, and have 9/26 hp.
You hit the worker ant.
You feel sick. The worker ant bites you.
* * * LOW HITPOINT WARNING * * *
You take 3 damage, and have 6/26 hp.
You hit the worker ant.
* * * LOW HITPOINT WARNING * * *
You feel sick.
The worker ant bites you but does no damage.
You take 1 damage, and have 5/26 hp.
You hit the worker ant.
* * * LOW HITPOINT WARNING * * *
You feel sick. The worker ant barely misses you.
You take 1 damage, and have 4/26 hp.
You hit the worker ant.
You kill the worker ant!
Okawaru accepts your kill.
Your Short Blades skill increases to level 5!
* * * LOW HITPOINT WARNING * * *
You feel sick.
Unknown command.
You take 1 damage, and have 3/26 hp.
* * * LOW HITPOINT WARNING * * *
You feel sick.
You take 1 damage, and have 2/26 hp.
* * * LOW HITPOINT WARNING * * *
You feel sick.
You take 1 damage, and have 1/26 hp.
You die...

............#.# #.##.# #.#
............#.# #.##.# #†#
............#(. #(##.#####.#####
.......#######.##.##...........#
.......# #..#.########.###.#
..†....# #.#.# #.# #.# .......#
#...# #.# #.#
..†....#########..# #.# #.#
................@># #.# #.#
.......###########.# #.# #.##
##.................# #.# #...
#.###############.#######†######
.... #............... ....
####........###### ...
.........<...'.....
####.)......#####.
#.................


There were no monsters in sight!

Vanquished Creatures
  A worker ant (D:3)
  3 adders (D:2)
  A worm (D:2)
  A giant gecko (D:2)
  A ball python (D:2)
  3 goblins
  3 hobgoblins
  2 jackals (D:1)
  2 quokkas (D:2)
  6 bats
  3 kobolds
  2 rats
28 creatures vanquished.

Notes
Turn   | Place    | Note
--------------------------------------------------------------
     0 | D:1      | RobertPalmer, the Kobold Hunter, began the quest for the Orb.
     0 | D:1      | Reached XP level 1. HP: 12/12 MP: 1/1
    32 | D:1      | Reached skill level 1 in Short Blades
   200 | D:1      | Reached skill level 2 in Short Blades
   200 | D:1      | Reached XP level 2. HP: 17/17 MP: 2/2
   599 | D:2      | HP: 4/17 [adder (4)]
   602 | D:2      | Reached skill level 3 in Short Blades
   602 | D:2      | Reached XP level 3. HP: 9/21 MP: 3/3
   785 | D:2      | Found an iron altar of Okawaru.
   789 | D:2      | Found an opulent altar of Gozag.
   798 | D:2      | Found a deep blue altar of Sif Muna.
   807 | D:2      | Became a worshipper of Warmaster Okawaru
   835 | D:2      | Reached skill level 4 in Short Blades
  1237 | D:2      | Reached XP level 4. HP: 22/26 MP: 4/4
  1633 | D:3      | Gained mutation: You are resistant to electric shocks. [potion of mutation]
  1633 | D:3      | Gained mutation: You are dopey. (Int -2) [potion of mutation]
  1633 | D:3      | Gained mutation: Your magical capacity is low (-10% MP). [potion of mutation]
  1636 | D:3      | HP: 6/26 [worker ant (2)]
  1639 | D:3      | Reached skill level 5 in Short Blades
  1640 | D:3      | HP: 2/26 [poisoned by a worker ant]
  1642 | D:3      | Succumbed to a worker ant's poison

Action                   |  1- 3 |  4- 6 || total
-------------------------+-------+-------++-------
Melee: Short sword       |    78 |    30 ||   108
 Fire: Hand crossbow     |    19 |     3 ||    22
  Use: Potion            |     1 |     4 ||     5
 Stab: Sleeping          |       |     1 ||     1
  Eat: Chunk             |     2 |       ||     2
       Meat ration       |     1 |       ||     1

Vault maps used:
D:1:      lemuel_arrival_cross
D:2:      grunt_temple_overflow_open

Table legend:
 A = Turns spent in this place as a percentage of turns spent in the entire game.
 B = Non-inter-level travel turns spent in this place as a percentage of non-inter-level travel turns spent in the entire game.
 C = Inter-level travel turns spent in this place as a percentage of turns spent in this place.
 D = Turns resting spent in this place as a percentage of non-inter-level travel turns spent in this place.
 E = Turns spent auto-exploring this place as a percentage of non-inter-level travel turns spent in this place.
 F = Non-inter-level travel turns spent in this place divided by the number of levels of this place that you've seen.
                   A       B       C       D       E      F
               +-------+-------+-------+-------+-------+----------------------
         Total | 100.0 | 100.0 |   0.4 |   1.1 |  13.9 | 151.3
       Dungeon | 100.0 | 100.0 |   0.4 |   1.1 |  13.9 | 151.3
               +-------+-------+-------+-------+-------+----------------------

Table legend:
 A = Kills in this place as a percentage of kills in entire the game.
 B = Kills by you in this place as a percentage of kills by you in the entire game.
 C = Kills by friends in this place as a percentage of kills by friends in the entire game.
 D = Other kills in this place as a percentage of other kills in the entire game.
 E = Experience gained in this place as a percentage of experience gained in the entire game.
 F = Experience gained in this place divided by the number of levels of this place that you have seen.
                   A       B       C       D       E      F
               +-------+-------+-------+-------+-------+----------------------
         Total | 100.0 | 100.0 |  -nan |  -nan | 100.0 |  37.7
       Dungeon | 100.0 | 100.0 |  -nan |  -nan | 100.0 |  37.7
               +-------+-------+-------+-------+-------+----------------------
